 Dungeon Crawl Stone Soup version 0.28-a0-1435-g82390b3a13 (webtiles) character file.

Game seed: 1063142482047013925

646 oldriver the Skirmisher (level 7, -2/59 HPs)
             Began as a Demonspawn Chaos Knight on Jan 10, 2022.
             Was a Plaything of Xom.
             Slain by an ice beast (6 damage)
             ... on level 4 of the Dungeon.
             The game lasted 00:06:41 (6049 turns).

oldriver the Skirmisher (Demonspawn Chaos Knight)   Turns: 6049, Time: 00:06:41

Health: -2/59      AC: 10    Str: 12 (14) XL:     7   Next: 27%
Magic:  7/7        EV:  9    Int: 14 (15) God:    Xom [.....*]
Gold:   62         SH:  8    Dex: 11 (13) Spells: 6/6 levels left

rFire   . . .      SeeInvis .   a - +0 falchion (chaos)
rCold   . . .      Faith    .   i - +0 kite shield
rNeg    + . .      Spirit   .   l - +1 ring mail of Feygourph {Rampage Regen+ Int+4}
rPois   .          Reflect  .   c - +0 helmet
rElec   .          Harm     .   (no cloak)
rCorr   .          Rampage  +   o - +0 pair of gloves
Will    +....                   (no boots)
Stlth   +.........              (no amulet)
HPRegen 0.99/turn               h - ring of positive energy
MPRegen 0.10/turn               m - +4 ring of protection

@: no status effects
A: hooves 1, ignite blood 1, deformed body, deterioration 1, dopey 1,
strong-willed 1, screaming 1
a: Renounce Religion


You were on level 4 of the Dungeon.
You worshipped Xom.
You were Xom's teddy bear.
You visited 1 branch of the dungeon, and saw 5 of its levels.

You collected 233 gold pieces.
You spent 171 gold pieces at shops.

Inventory:

Hand Weapons
 a - a +0 falchion of chaos (weapon)
Armour
 c - a +0 helmet (worn)
 i - a +0 kite shield (worn)
 l - the +1 ring mail of Feygourph (worn) {Rampage Regen+ Int+4}
   (You bought it in a shop on level 3 of the Dungeon)

   Int:       It affects your intelligence (+4).
   Regen:     It increases your rate of health regeneration.
   Rampage:   It bestows one free step when moving towards enemies.
 o - a +0 pair of gloves (worn)
Jewellery
 h - a ring of positive energy (left hand)
 m - a +4 ring of protection (right hand)
Wands
 e - a wand of mindburst (12)
Potions
 d - 3 potions of curing
 f - a potion of invisibility {unknown}
 g - a potion of magic
 j - a potion of berserk rage {unknown}
 k - 2 potions of cancellation {unknown}
 n - a potion of flight {unknown}
 p - 2 potions of might {unknown}


   Skills:
 * Level 6.5 Fighting
 - Level 2.6 Long Blades
 + Level 1.8 Armour
 + Level 3.6 Dodging
 + Level 3.0 Shields


You had 6 spell levels left.
You didn't know any spells.
Your spell library was empty.

Dungeon Overview and Level Annotations

Branches:
Dungeon (5/15)
 Temple: D:4-7

Altars:

Shops:
D:2 (   D:3 *

Annotations:
D:2 Sigmund


Innate Abilities, Weirdness & Mutations

You have large cloven feet.
Your demonic aura sometimes causes spilled blood to erupt in flames.
Armour fits poorly on your strangely shaped body.
Your body sometimes deteriorates upon taking damage.
You are dopey. (Int -2)
You are strong-willed. (Will+)
You occasionally shout uncontrollably at your foes.


Message History

You block the orc's attack.
You hit the ice beast.
The ice beast flickers and vanishes!
Deactivating autopickup; reactivate with Ctrl-A.
Your kick misses something. You block something's attack.
You block the orc's attack. You block something's attack.
The orc hits you with a +0 hand axe.
You miss something. Your kick misses something.
Something hits you but does no damage. Something hits you.
Something freezes you. You block the orc's attack.
Unknown command.
Something hits you but does no damage.
There is a stone staircase leading up here.
Something hits you. Something freezes you!
* * * LOW HITPOINT WARNING * * *
You block the orc's attack.
You climb upwards.
Reactivating autopickup.
There is a stone staircase leading down here.
Unknown command.
You hit the orc.
The orc is poisoned.
You kick the orc.
You kill the orc!
Something hits you.
* * * LOW HITPOINT WARNING * * *
Something freezes you!
* * * LOW HITPOINT WARNING * * *
Deactivating autopickup; reactivate with Ctrl-A.
Something hits you but does no damage. You block something's attack.
Something hits you but does no damage. Something hits you but does no damage.
You barely miss something. You kick something.
Something hits you but does no damage. Something hits you.
* * * LOW HITPOINT WARNING * * *
Something freezes you!
* * * LOW HITPOINT WARNING * * *
Something hits you.
* * * LOW HITPOINT WARNING * * *
Something freezes you.
You die...

......##..##.##.[.))#............
.........##...#...<...(.#........
............###.......####.......
.......................##........
#..##.##.........###.[.#.........
...##.......^..#####.......##.###
....##...........##..##........#.
.................#...............
......#.........@##.....##.......
.###.##...........#.........##...
.#................#........)###..
.....!..###.#..#.......#.....#...
.....#....#....)..#######........
.....#.#....####..[##.###........
...#.#.......###.)(..............
..##...........)..[#..##.........
..........##...!>########).......


There were no monsters in sight!

Vanquished Creatures
  Eustachio (D:4)
  An ogre (D:4)
  A jelly (D:4)
  A hound (D:4)
  Natasha (thrice) (D:2)
  3 iguanas (D:4)
  An orc wizard (D:4)
  A hound skeleton (D:4)
  Robin (D:4)
  2 adders
  An adder skeleton (D:4)
  A worm (D:4)
  2 dart slugs
  6 orcs
  An endoplasm (D:2)
  5 giant cockroaches
  6 hobgoblins
  6 quokkas
  3 ball pythons
  5 bats
  7 frilled lizards
  17 goblins
  7 kobolds
  4 rats
86 creatures vanquished.

Vanquished Creatures (collateral kills)
  An orc (D:4)
1 creature vanquished.

Grand Total: 87 creatures vanquished

Notes
Turn   | Place    | Note
-------+----------+-------------------------------------------
     0 | D:1      | oldriver the Demonspawn Chaos Knight began the quest for
                  | the Orb.
     0 | D:1      | Reached XP level 1. HP: 18/18 MP: 1/1
   105 | D:1      | XOM: silly message
   139 | D:1      | Reached skill level 1 in Dodging
   139 | D:1      | XOM: stat loss: -1 Int (12/13)
   360 | D:1      | XOM: give mutations
   360 | D:1      | Gained mutation: You occasionally shout uncontrollably at
                  | your foes. [Xom's mischief]
   360 | D:1      | Gained mutation: Armour fits poorly on your strangely
                  | shaped body. [Xom's mischief]
   387 | D:1      | XOM: smoke on damage
   389 | D:1      | Gained mutation: Your demonic aura sometimes causes spilled
                  | blood to erupt in flames. [demonic ancestry]
   389 | D:1      | Reached XP level 2. HP: 20/24 MP: 2/2
   430 | D:1      | XOM: torment (13/24 hp)
   465 | D:1      | XOM: silly message
  1019 | D:1      | Found a faded altar of an unknown god.
  1685 | D:2      | Noticed Natasha
  1693 | D:2      | Noticed a crimson imp
  1694 | D:2      | Noticed a crimson imp
  1695 | D:2      | XOM: confuse monster(s)
  1697 | D:2      | Killed Natasha
  1698 | D:2      | Reached skill level 4 in Fighting
  1698 | D:2      | Gained mutation: You have large cloven feet. [demonic
                  | ancestry]
  1698 | D:2      | Reached XP level 3. HP: 11/30 MP: 3/3
  1913 | D:2      | Noticed Natasha
  1916 | D:2      | Found Mutud's Weapon Boutique.
  1934 | D:2      | Killed Natasha
  1935 | D:2      | Reached skill level 1 in Shields
  1935 | D:2      | Reached XP level 4. HP: 21/37 MP: 4/4
  2085 | D:2      | Noticed Natasha
  2097 | D:2      | XOM: silly message
  2348 | D:2      | XOM: butterfly on damage
  2350 | D:2      | Killed Natasha
  2443 | D:2      | XOM: 1-stop teleportation journey
  3071 | D:2      | Noticed Sigmund
  3245 | D:3      | Found Loprinast's Assorted Antiques.
  3496 | D:3      | XOM: give mutations
  3496 | D:3      | Gained mutation: You are weak. (Str -2) [Xom's mischief]
  3496 | D:3      | Gained mutation: You are frail. (-10% HP) [Xom's mischief]
  3496 | D:3      | Gained mutation: You are very weak. (Str -4) [Xom's
                  | mischief]
  3756 | D:4      | XOM: stat loss: -1 Dex (12/13)
  3760 | D:4      | Reached XP level 5. HP: 26/38 MP: 5/5
  3964 | D:4      | XOM: enchant monster (bad)
  3968 | D:4      | Noticed a phantom
  3972 | D:4      | Reached skill level 5 in Fighting
  3990 | D:4      | XOM: 1-stop teleportation journey
  4159 | D:4      | XOM: enchant monster (bad)
  4223 | D:4      | Noticed Robin
  4226 | D:4      | XOM: blink monster(s)
  4729 | D:4      | Killed Robin
  4879 | D:4      | XOM: summons friendly shadow imp
  4883 | D:4      | Reached XP level 6. HP: 43/45 MP: 6/6
  5005 | D:4      | Noticed Eustachio
  5006 | D:4      | Lost mutation: You are frail. (-10% HP) [potion of
                  | mutation]
  5006 | D:4      | Lost mutation: You are very weak. (Str -4) [potion of
                  | mutation]
  5006 | D:4      | Gained mutation: You are very weak. (Str -4) [potion of
                  | mutation]
  5006 | D:4      | Gained mutation: You are frail. (-10% HP) [potion of
                  | mutation]
  5006 | D:4      | Gained mutation: You have hidden genetic potential. [potion
                  | of mutation]
  5006 | D:4      | Gained mutation: You are strong-willed. (Will+) [potion of
                  | mutation]
  5008 | D:4      | Lost mutation: You have hidden genetic potential. [potion
                  | of mutation]
  5008 | D:4      | Lost mutation: Armour fits poorly on your strangely shaped
                  | body. [potion of mutation]
  5008 | D:4      | Gained mutation: Your body sometimes deteriorates upon
                  | taking damage. [potion of mutation]
  5009 | D:4      | Lost mutation: You are very weak. (Str -4) [potion of
                  | mutation]
  5009 | D:4      | Lost mutation: You are frail. (-10% HP) [potion of
                  | mutation]
  5009 | D:4      | Lost mutation: You are weak. (Str -2) [potion of mutation]
  5009 | D:4      | Gained mutation: Armour fits poorly on your strangely
                  | shaped body. [potion of mutation]
  5009 | D:4      | Gained mutation: You are dopey. (Int -2) [potion of
                  | mutation]
  5030 | D:4      | XOM: silly message
  5033 | D:4      | XOM: confuse monster(s)
  5253 | D:4      | XOM: enchant monster (good)
  5261 | D:4      | XOM: cast spell 'Death Channel'
  5267 | D:4      | Killed Eustachio
  5268 | D:4      | Reached skill level 6 in Fighting
  5268 | D:4      | Reached XP level 7. HP: 15/58 MP: 7/7
  5295 | D:3      | XOM: divination: detect creatures
  5818 | D:4      | XOM: god gift: scroll labelled UPUINO HUITI {god gift}
  5977 | D:3      | Bought a translucent ring mail for 171 gold pieces
  5977 | D:3      | Identified the +1 ring mail of Feygourph {Rampage Regen+
                  | Int+4} (You bought it in a shop on level 3 of the Dungeon)
  6025 | D:5      | Entered Level 5 of the Dungeon
  6049 | D:4      | Slain by an ice beast

Illustrated notes

Levels and vault maps discovered:
D:1:      psy_arrival_radial02, layout_basic, basic_ecumenical_altar,
          minmay_misc_feat_diagonals
D:2:      layout_rooms, serial_shops, shop_coins, st_stairs_12, uniq_natasha,
          uniq_sigmund
D:3:      layout_basic, serial_shops, nicolae_shop_window_shopping
D:4:      layout_cave_pools, cheibrodos_sewer_entry_bend, uniq_robin,
          uniq_eustachio
D:5:      layout_cave_pods, nzn_wu_jian_contemplation, serial_shops,
          shop_fountains, kb_lookout_dungeons_type, uniq_pikel, uniq_ijyb

Skill      XL: |  1  2  3  4  5  6  7 |
---------------+----------------------+-----
Dodging        | 1 2 3 |  3.6
Fighting       | 4 5 6 |  6.5
Shields        | 1 2 3 |  3.0
Long Blades    | |  2.6
Armour         | |  1.8

Action                   |  1- 3 |  4- 6 |  7- 9 || total
-------------------------+-------+-------+-------++-------
Melee: Falchion          |    84 |   213 |    31 ||   328
       Kick              |     2 |    56 |    12 ||    70
  Use: Scroll            |       |     4 |     3 ||     7
       Potion            |       |     3 |       ||     3
 Stab: Paralysed         |       |     7 |       ||     7
Armor: Leather armour    |    38 |   136 |     2 ||   176
       Ring mail         |       |       |    15 ||    15
Dodge: Dodged            |    53 |   180 |     5 ||   238
Block: Kite shield       |    12 |   139 |    16 ||   167

Table legend: (Time is in decaauts)
 A = Elapsed time spent in this place.
 B = Non-inter-level travel time spent in this place.
 C = Inter-level travel time spent in this place.
 D = Time resting spent in this place.
 E = Time spent auto-exploring this place.
 F = Levels seen in this place.
 G = Mean time per level.
                   A        B        C        D        E       F      G
               +--------+--------+--------+--------+--------+-----+--------+
         Total |   6170 |   6040 |    130 |   1520 |   3424 |   5 | 1234.0 |
       Dungeon |   6170 |   6040 |    130 |   1520 |   3424 |   5 | 1234.0 |
               +--------+--------+--------+--------+--------+-----+--------+

Top non-repeatable levels by time:
     D:3: 1985 daAuts
     D:1: 1634 daAuts
     D:2: 1267 daAuts
     D:4: 1265 daAuts
     D:5: 17 daAuts
